 Dungeon Crawl Stone Soup version 0.31-a0-237-g2d982f9f85 (webtiles) character file.

Game seed: 6585214342133930313

208274 Nattfarinn the Slayer (level 19, -35/215 HPs)
             Began as a Djinni Venom Mage on July 11, 2023.
             Was a High Priest of Ashenzari.
             Blown up by a sun moth (43 damage)
             ... with a bolt of energy
             ... on level 4 of the Spider Nest.
             The game lasted 02:31:43 (42541 turns).

Nattfarinn the Slayer (Djinni Venom Mage)          Turns: 42541, Time: 02:31:45

Health: -35/215    AC: 33    Str:  7    XL:     19   Next: 49%
Gold:   2220       EV:  8    Int: 24    God:    Ashenzari [*****.] SH:  0 Dex: 15

rFire   + +          .
                       - Unarmed
rCold   x x .        E - +0 kite shield of the Ensconced Regret {Self, Melee} (curse)
rNeg    + + .        I - melded +0 steam dragon scales "Share My Doubts" {Comp, Evo} (curse)
rPois   ∞            G - +0 helmet of the Chained Doubts {Fort, Melee} (curse)
rElec   +            K - +2 cloak of Desmomancy {Will+, Alch, Elem} (curse)
rCorr   .            F - melded +2 pair of gloves "Per Aspera Ad Scientiam" {Comp, Bglg} (curse)
SInv    +            (boots unavailable)
Will    ++...        A - amulet of Toth-Mos's Legacy {Acrobat, Elem, Melee} (curse)
Stlth   +            y - ring of the Enigmatic Moon {SInv, Evo, Alch} (curse)
HPRegen 0.55/turn    u - ring "Augurer of Ashenzari" {rN+, Evo, Bglg} (curse)
MPRegen 0.00/turn

%: acrobat, clarity, infuse magic (-36 HP)
@: statue-form (expiring), flying, held, glowing, very slow
A: slow and powerful, torment resistance 1, flying, boosted hp, sickness
immunity, fire resistance 2, cold vulnerability 2, float, innate caster, HP
casting, extra vitality 1
}: 1/15 runes: decaying
a: End Transformation, Renounce Religion, Curse Item, Shatter the Chains


You were on level 4 of the Spider Nest.
You worshipped Ashenzari.
Ashenzari was extremely pleased with you.
You were a living statue of rough stone.
You visited 6 branches of the dungeon, and saw 31 of its levels.
You also visited: Sewer, Ossuary and Volcano.

You collected 4290 gold pieces.
You spent 2070 gold pieces at shops.

Inventory:

Hand Weapons
 J - the +5 dagger "Utoss" {freeze, rPois rC- rCorr Str-3}
   (You found it on level 1 of the Spider Nest)

   Str:       It affects your strength (-3).
   rC:        It makes you vulnerable to cold.
   rPois:     It protects you from poison.
   rCorr:     It protects you from acid and corrosion.
 M - the +10 whip of the Scavenger {freeze, rPois rCorr Dex+3}
   (You bought it in a shop on level 5 of the Dungeon)

   Dex:       It affects your dexterity (+3).
   rPois:     It protects you from poison.
   rCorr:     It protects you from acid and corrosion.
 O - the +1 battleaxe of Eternity {drain, rElec rCorr Str+6 Int-5}
   (You bought it in a shop on level 5 of the Dungeon)

   Str:       It affects your strength (+6).
   Int:       It affects your intelligence (-5).
   rElec:     It insulates you from electricity.
   rCorr:     It protects you from acid and corrosion.
 P - a +2 quick blade of flaming
Armour
 a - the +2 hat of the Bear Spirit {Spirit, Bear, *Rage Will++}
   (You bought it in a shop on level 5 of the Dungeon)

   Bear:      Going berserk makes the wearer exceptionally tough, and they are
   slowed for a shorter time afterward.
   *Rage:     It berserks you when you make melee attacks (+20% chance).
   Will:      It greatly increases your willpower.
 b - a +2 pair of gloves
 E - the cursed +0 kite shield of the Ensconced Regret (worn) {Self, Melee}
   (You found it on level 10 of the Dungeon)

   It has a curse which improves the following skills: Introspection: Fighting
   and Spellcasting.
   Melee Combat: Short Blades, Long Blades, Axes, Maces & Flails, Polearms,
   Staves and Unarmed Combat.
 F - the cursed +2 pair of gloves "Per Aspera Ad Scientiam" (melded) {Comp, Bglg}
   (You found it on level 7 of the Dungeon)

   It has a curse which improves the following skills: Companions: Summonings
   and Necromancy.
   Beguiling: Conjurations, Hexes and Translocations.
 G - the cursed +0 helmet of the Chained Doubts (worn) {Fort, Melee}
   (You found it on level 7 of the Dungeon)

   It has a curse which improves the following skills: Fortitude: Armour and
   Shields.
   Melee Combat: Short Blades, Long Blades, Axes, Maces & Flails, Polearms,
   Staves and Unarmed Combat.
 I - the cursed +0 steam dragon scales "Share My Doubts" (melded) {Comp, Evo}
   (You found it on level 8 of the Dungeon)

   It has a curse which improves the following skills: Companions: Summonings
   and Necromancy.
   Evocations: Evocations.
 K - the cursed +2 cloak of Desmomancy (worn) {Will+, Alch, Elem}
   (You took it off Maurice on level 9 of the Dungeon)

   It has a curse which improves the following skills: Alchemy: Poison Magic and
   Transmutations.
   Elements:  Fire Magic, Ice Magic, Air Magic and Earth Magic.
 N - a +2 pair of gloves
Jewellery
 c - a +4 ring of protection
 h - a ring of protection from fire
 q - a +6 ring of intelligence
 u - the cursed ring "Augurer of Ashenzari" (right fist) {rN+, Evo, Bglg}
   (You found it on level 4 of the Dungeon)

   [ring of positive energy]

   rN:        It protects you from negative energy.
   It has a curse which improves the following skills: Evocations: Evocations.
   Beguiling: Conjurations, Hexes and Translocations.
 y - the cursed ring of the Enigmatic Moon (left fist) {SInv, Evo, Alch}
   (You found it on level 5 of the Dungeon)

   [ring of see invisible]

   SInv:      It lets you see invisible.
   It has a curse which improves the following skills: Evocations: Evocations.
   Alchemy:   Poison Magic and Transmutations.
 A - the cursed amulet of Toth-Mos's Legacy (around neck) {Acrobat, Elem, Melee}
   (You took it off a centaur on level 5 of the Dungeon)

   [amulet of the acrobat]

   It increases your evasion while moving and waiting.
   It has a curse which improves the following skills: Elements: Fire Magic, Ice
   Magic, Air Magic and Earth Magic.
   Melee Combat: Short Blades, Long Blades, Axes, Maces & Flails, Polearms,
   Staves and Unarmed Combat.
 L - a ring of resist corrosion
 V - a +6 ring of intelligence
Wands
 t - a wand of quicksilver (8)
 v - a wand of flame (63)
 w - a wand of mindburst (14)
 H - a wand of paralysis (21)
 Q - a wand of iceblast (16)
 R - a wand of polymorph (5)
 Y - a wand of digging (12)
Scrolls
 d - 3 scrolls of enchant weapon
 e - 2 scrolls of fear
 g - 4 scrolls of poison
 j - 6 scrolls of immolation
 n - 6 scrolls of vulnerability
 s - 6 scrolls of teleportation
 B - 4 scrolls of revelation
 C - 2 scrolls of silence
 D - a scroll of fog
 S - a scroll of summoning
Potions
 f - 6 potions of lignification
 i - 5 potions of brilliance
 k - 4 potions of might
 l - 10 potions of curing
 m - 2 potions of berserk rage
 o - 6 potions of haste
 p - 4 potions of ambrosia
 r - 4 potions of enlightenment
 x - 5 potions of cancellation
 z - 9 potions of attraction
 T - 4 potions of heal wounds
 U - a potion of invisibility


   Skills:
 * Level 22.1(23.9) Fighting
 - Level 7.9(10.1) Armour
 - Level 9.0 Dodging
 - Level 1.5 Stealth
 - Level 12.7(14.8) Shields
 + Level 14.5(18.6) Unarmed Combat
 - Level 10.4(12.5) Spellcasting
 - Level 10.4(12.5) Conjurations
 - Level 10.4(12.5) Hexes
 - Level 10.4 Summonings
 - Level 10.4 Necromancy
 - Level 10.4(12.5) Translocations
 - Level 10.4(13.5) Transmutations
 - Level 10.4(13.5) Fire Magic
 - Level 10.4(13.5) Ice Magic
 - Level 10.4(13.5) Air Magic
 - Level 10.4(13.5) Earth Magic
 - Level 10.4(13.5) Poison Magic
 - Level 8.0(11.2) Evocations


You knew the following spells:

 Your Spells              Type           Power      Damage    Failure   Level
a - Sting                 Tmut/Pois      100%       1d8       1%          1
b - Poisonous Vapours     Pois/Air       100%       N/A       1%          2
c - Mephitic Cloud        Conj/Pois/Air  68%        N/A       1%          3
d - Olgreb's Toxic Radia  Pois           69%        N/A       1%          4
e - Kiss of Death         Conj/Necr      100%       2d13      1%          1
f - Momentum Strike       Conj/Tloc      100%       3d10      1%          2
g - Call Canine Familiar  Summ           60%        N/A       1%          3
h - Hailstorm             Conj/Ice       67%        3d14      1%          3
i - Summon Lightning Spi  Summ/Air       64%        N/A       1%          4
j - Fireball              Conj/Fire      33%        3d14      1%          5
k - Statue Form           Tmut/Erth      46%        N/A       6%          6
l - Dispersal             Tloc           33%        N/A       10%         6
m - Starburst             Conj/Fire      33%        6d10      8%          6
Your spell library was empty.

Dungeon Overview and Level Annotations

Branches:
Dungeon (15/15)            Temple (1/1) D:5            Lair (5/5) D:8
  Swamp (4/4) Lair:2       Spider (4/4) Lair:2        Slime (0/5) Lair:4
    Orc (2/2) D:12            Elf (0/3) Orc:2        Vaults (0/5) D:13
 Depths (0/4) D:15          Sewer (visited)         Ossuary (visited)
Volcano (visited)

Altars:
Ashenzari
Cheibriados
Dithmenos
Elyvilon
Fedhas
Gozag
Hepliaklqana
Makhleb
Nemelex Xobeh
Okawaru
Qazlal
Ru
Trog
Uskayaw
Wu Jian
Xom
Yredelemnul
Zin
The Shining One
Jiyva
Lugonu

Shops:
D:3 *   D:5 ::[?(   D:7 **   D:11 *   Orc:2 (*[?(

Portals:
Abyss: Lair:5

Annotations:
D:13 2 transporters, Amenor's ghost, journeyman OpFE


Innate Abilities, Weirdness & Mutations

You are a living statue of rough stone.
Your actions are slow, but your melee attacks are powerful.
You are resistant to unholy torment.
You are flying.
Your maximum health is greatly increased.
Your equipment is partially melded.
You are immune to sickness and miasma.
You are immune to poison.
Your flesh is very heat resistant. (rF++)
You are very vulnerable to cold. (rC--)
You float through the air rather than walking.
You learn spells naturally, not from books.
Your magical power is your life essence.
You have superior vitality. (+4 MHP)


Message History

You block the sun moth's attack.
A ghost moth comes into view.
The orb spider weaves a glowing orb of energy.
An orb of destruction comes into view.
You are caught in the web!
You kill the orb spider!
The torpor snail looks as sick as possible!
The sun moth looks as sick as possible!
The sun moth bites you.
You are covered in liquid flames.
You are covered in liquid flames!
The sun moth bites you!
There is a web here.
You struggle to detach yourself from the web.
You are covered in liquid flames!
The torpor snail looks as sick as possible!
The sun moth looks as sick as possible!
You are no longer on fire.
The orb of destruction hits you!!!
* * * LOW HITPOINT WARNING * * *
The sun moth bites you!
* * * LOW HITPOINT WARNING * * *
You are covered in liquid flames.
You are covered in liquid flames!
The ghost moth stares at you. The sun moth throws energy at you.
The bolt of energy hits you!!
* * * LOW HITPOINT WARNING * * *
Okay, then.
You feel much better.
You are covered in liquid flames!
* * * LOW HITPOINT WARNING * * *
Your transformation is almost over.
You feel yourself speed up.
You are no longer on fire.
Your toxic aura wanes.
The sun moth bites you!
* * * LOW HITPOINT WARNING * * *
The sun moth throws energy at you. The bolt of energy hits you!!
* * * LOW HITPOINT WARNING * * *
The sun moth throws energy at you. The bolt of energy hits you!!!
You die...

~
≈≈~~....~#......##.^.#...
**~
≈≈≈~....~#^##..^#.<.##...
,^^~
≈≈≈~..#†.#^#...###..###.#
≈≈≈~.....^.#..## #....###
, , *#≈≈~.......#..##
##....^. , ,
#≈~~....~~^#...# ##.....
,,,,^**≈≈~#..°{^^....#
###... ,,
≈≈≈~..†°#y^#..### ##.# ,
**≈≈≈~...y8#^.....#* ###
, ,~ ≈≈~~^...#^.#.....#*
^ *~ ≈~~#^^##.^.#####..#
* * ~≈~~.....^^.# .## ~ ~
~~~^......~.#, , # ~
~~~~~ .^..$...#^# ,*** ~~
~ .,,....^^## , ,,, *,
,*, ^ * * , ,,, , , *** ,
,


You could see a sun moth (extremely poisoned) and a ghost moth (invisible).

Vanquished Creatures
  the Lernaean hydra (Swamp:4)
  Arachne (Spider:2)
  Jorgrun (Spider:3)
  A tentacled monstrosity (Swamp:1)
  Asterion (Spider:2)
  Frances (Spider:2)
  Roxanne (D:14)
  6 ghost moths
  A fenstrider witch (Swamp:4)
  5 ghouls
  2 orc warlords
  A stone giant (D:15)
  6 broodmothers
  7 eleionomae
  2 bunyips
  3 entropy weavers
  Josephine (Orc:1)
  Erolcha (Orc:1)
  14 hydras
  2 catoblepae
  7 centaur warriors
  Erica (D:9)
  5 two-headed ogres
  2 radroaches (Spider:1)
  6 alligators
  2 dancing weapons (D:12)
  2 ghost crabs
  A death scarab (Spider:2)
  2 jorogumos
  8 tengu warriors
  5 boulder beetles
  10 demonic crawlers
  A thrashing horror (Lair:5)
  4 orc high priests (Orc:2)
  5 pharaoh ants
  A sea snake (D:12)
  A skyshark (Lair:5)
  4 goliath frogs
  2 bog bodies
  10 orb spiders
  A lindwurm (Lair:5)
  5 spriggan druids
  8 swamp dragons
  4 orc knights
  23 wolf spiders
  6 deep elf pyromancers
  An ugly thing (D:13)
  A faun (shapeshifter) (Lair:5)
  6 steelbarb worms
  A cyclops (D:15)
  3 moths of wrath
  4 orc sorcerers
  5 manticores
  3 will-o-the-wisps
  2 elephants (Lair:1)
  4 black mambas
  Maurice (D:9)
  5 cane toads
  4 gargoyles
  Maggie (D:7)
  5 torpor snails
  A rime drake (Lair:4)
  3 yaktaurs (D:15)
  An efreet (Volcano)
  6 komodo dragons
  A tengu conjurer (D:14)
  2 ancient zymes (Lair:5)
  6 trolls
  A bloated husk (Swamp:2)
  9 hornets
  2 polar bears (Lair:4)
  14 tyrant leeches
  A meliai (shapeshifter) (D:13)
  Prince Ribbit (D:5)
  25 tarantellas
  A snapping turtle (D:12)
  21 blink frogs
  18 jumping spiders
  10 spriggans
  14 culicivoras
  Sigmund (D:6)
  8 slime creatures
  A wyvern (D:10)
  40 yaks
  A shadow (D:11)
  3 wraiths
  2 ynoxinuls (Lair:5)
  A centaur simulacrum (D:14)
  A fire elemental (Volcano)
  5 basilisks
  47 redbacks
  2 steam dragons
  21 vampire mosquitoes
  4 wargs
  14 swamp worms
  Edmund (D:5)
  15 two-headed ogre zombies (Orc:1)
  2 water moccasins (Lair:2)
  5 small abominations (Lair:5)
  Duvessa (D:7)
  An ice beast (D:5)
  22 orc warriors
  A black bear (D:6)
  4 swamp drakes (Swamp:4)
  13 centaurs
  8 ogres
  A phantom (D:7)
  3 kobold brigands (D:8)
  Blork the orc (D:4)
  3 necrophages
  2 bullfrogs
  An earth elemental (Volcano)
  6 scorpions
  6 wights
  Dowan (D:7)
  14 killer bees
  4 electric eels
  5 howler monkeys
  A crimson imp (D:7)
  2 centaur zombies (Ossuary)
  4 hounds
  2 jellies (D:6)
  28 orc priests
  2 sleepcaps (D:5)
  An iguana (D:4)
  26 orc wizards
  An ogre zombie (Orc:1)
  10 adders
  4 gnolls (D:8)
  2 river rats
  An ufetubus (D:5)
  An adder zombie (Ossuary)
  3 worms
  3 dart slugs
  82 orcs
  6 ball pythons
  3 endoplasms
  2 giant cockroaches
  6 goblins
  8 hobgoblins
  13 jackals
  6 quokkas
  A bat (D:6)
  11 frilled lizards
  A hobgoblin zombie (Ossuary)
  A jackal zombie (Ossuary)
  18 kobolds
  3 kobold zombies (Ossuary)
  3 orc zombies (Ossuary)
  6 rats
899 creatures vanquished.

Vanquished Creatures (collateral kills)
  Donald (Swamp:4)
  A stone giant (Volcano)
  A ghoul (Swamp:4)
  An entropy weaver (shapeshifter) (Lair:5)
  4 hydras
  A demonic crawler (Spider:3)
  3 thrashing horrors (Lair:5)
  2 skysharks
  3 skeletal warriors (D:11)
  2 swamp dragons
  An ugly thing (D:11)
  7 elephants
  2 black mambas
  2 smoke demons (Lair:5)
  7 cane toads
  3 komodo dragons
  2 rime drakes
  2 tengu conjurers (D:11)
  2 trolls
  An ancient zyme (Lair:5)
  A tyrant leech (Swamp:2)
  5 blink frogs
  A vampire (D:10)
  A spriggan (Lair:5)
  9 yaks
  3 wraiths
  A vampire mosquito (D:12)
  Menkaure (D:4)
  A swamp worm (Lair:2)
  3 wargs
  7 water moccasins
  A swamp drake (Swamp:4)
  An ice beast (D:6)
  A black bear (Lair:1)
  3 orc warriors
  An ogre (Orc:2)
  A centaur (D:13)
  A necrophage (Swamp:2)
  5 bullfrogs
  An elf zombie (Ossuary)
  An earth elemental (Volcano)
  A wight (D:8)
  3 jellies (D:5)
  A human zombie (Ossuary)
  5 small abominations (Lair:5)
  2 sleepcaps
  An iguana (D:6)
  An orc wizard (D:5)
  2 mummies (Ossuary)
  3 gnolls (D:5)
  2 white imps
  An ufetubus (D:5)
  2 adder zombies (Ossuary)
  2 orcs
  A hobgoblin (D:4)
  A goblin zombie (Ossuary)
  8 hobgoblin zombies (Ossuary)
  A jackal zombie (Ossuary)
  A kobold (D:4)
  7 kobold zombies (Ossuary)
  4 orc zombies (Ossuary)
  A rat zombie (Ossuary)
147 creatures vanquished.

Vanquished Creatures (others)
  A quokka (D:3)
  A kobold (D:3)
  22 foxfires
24 creatures vanquished.

Grand Total: 1070 creatures vanquished

Notes
Turn   | Place    | Note
-------+----------+-------------------------------------------
     0 | D:1      | Nattfarinn the Djinni Venom Mage began the quest for the
                  | Orb.
     0 | D:1      | Nattfarinn set off with the following spells memorised:
                  | Sting, Poisonous Vapours, Mephitic Cloud, Olgreb's Toxic
                  | Radiance.
     0 | D:1      | Reached XP level 1. HP: 15/15 MP: 0/0
   165 | D:1      | Reached XP level 2. HP: 17/21 MP: 0/0
   510 | D:1      | Reached XP level 3. HP: 18/25 MP: 0/0
   510 | D:1      | Learned a level 1 spell: Kiss of Death
  1235 | D:2      | Reached XP level 4. HP: 25/31 MP: 0/0
  2123 | D:3      | Reached XP level 5. HP: 26/35 MP: 0/0
  2123 | D:3      | Learned a level 2 spell: Momentum Strike
  2320 | D:3      | Found a faded altar of an unknown god.
  2724 | D:3      | Reached skill level 5 in Spellcasting
  2724 | D:3      | Reached skill level 5 in Conjurations
  2724 | D:3      | Reached skill level 5 in Hexes
  2724 | D:3      | Reached skill level 5 in Summonings
  2724 | D:3      | Reached skill level 5 in Necromancy
  2724 | D:3      | Reached skill level 5 in Translocations
  2724 | D:3      | Reached skill level 5 in Transmutations
  2724 | D:3      | Reached skill level 5 in Fire Magic
  2724 | D:3      | Reached skill level 5 in Ice Magic
  2724 | D:3      | Reached skill level 5 in Air Magic
  2724 | D:3      | Reached skill level 5 in Earth Magic
  2724 | D:3      | Reached skill level 5 in Poison Magic
  2783 | D:3      | Reached XP level 6. HP: 38/40 MP: 0/0
  2967 | D:3      | Found Zonwepn's Assorted Antiques.
  3061 | D:3      | Found a white marble altar of Elyvilon.
  3323 | D:4      | Found a sacrificial altar of Ru.
  3376 | D:4      | Noticed Blork the orc
  3384 | D:4      | Killed Blork the orc
  3697 | D:4      | Noticed Menkaure
  3702 | D:4      | Reached XP level 7. HP: 40/45 MP: 0/0
  3702 | D:4      | Learned a level 3 spell: Call Canine Familiar
  3713 | D:4      | Killed Menkaure
  3822 | D:4      | Found an opulent altar of Gozag.
  4064 | D:5      | Entered Level 5 of the Dungeon
  4193 | D:5      | Found Heti's Book Boutique.
  4193 | D:5      | Found Gyesicaz's Armour Boutique.
  4194 | D:5      | Found Ynaadong's Magic Scroll Boutique.
  4194 | D:5      | Found Nametaxt's Antique Weapon Boutique.
  4240 | D:5      | Found a sand-covered staircase.
  4249 | Ossuary  | Entered an ossuary
  4684 | Ossuary  | Reached XP level 8. HP: 45/50 MP: 0/0
  4863 | D:5      | Bought a scroll of identify for 26 gold pieces
  4863 | D:5      | Bought a scroll of noise for 13 gold pieces
  4876 | D:5      | Found a staircase to the Ecumenical Temple.
  4925 | Temple   | Entered the Ecumenical Temple
  5182 | Temple   | Became a worshipper of Ashenzari the Shackled
  5372 | D:5      | Found Ahog's Book Shoppe.
  5382 | D:5      | Noticed Edmund
  5391 | D:5      | Noticed Prince Ribbit
  5395 | D:5      | Killed Edmund
  5414 | D:5      | Killed Prince Ribbit
  6004 | D:5      | Reached XP level 9. HP: 54/55 MP: 0/0
  6004 | D:5      | Learned a level 3 spell: Hailstorm
  6020 | D:5      | Reached skill level 1 in Fighting
  6096 | D:5      | Reached skill level 2 in Fighting
  6526 | D:6      | Found a glowing drain.
  6537 | Sewer    | Entered a sewer
  6727 | Sewer    | Reached skill level 3 in Fighting
  7063 | D:6      | Noticed Sigmund
  7070 | D:6      | Killed Sigmund
  7071 | D:6      | Reached skill level 4 in Fighting
  7072 | D:6      | Reached skill level 5 in Fighting
  7322 | D:6      | Reached skill level 6 in Fighting
  7480 | D:6      | Reached * piety under Ashenzari
  7916 | D:6      | Reached skill level 7 in Fighting
  8374 | D:7      | Reached XP level 10. HP: 73/76 MP: 0/0
  8404 | D:7      | Found a stormy altar of Qazlal.
  8444 | D:7      | Reached skill level 8 in Fighting
  8532 | D:7      | Reached ** piety under Ashenzari
  8738 | D:7      | Noticed Maggie
  8744 | D:7      | Noticed Duvessa
  8744 | D:7      | Noticed Dowan
  8753 | D:7      | Killed Duvessa
  8753 | D:7      | Killed Maggie
  8754 | D:7      | Reached skill level 9 in Fighting
  8756 | D:7      | Killed Dowan
  9104 | D:7      | Found Wuubbera's Assorted Antiques.
  9149 | D:7      | Found Igruattu's Assorted Antiques.
  9206 | D:7      | Reached skill level 10 in Fighting
  9560 | D:8      | Found a staircase to the Lair.
 10318 | D:8      | Reached skill level 11 in Fighting
 10591 | D:8      | Reached *** piety under Ashenzari
 10668 | D:9      | Noticed Erica
 10680 | D:9      | Killed Erica
 10681 | D:9      | Reached XP level 11. HP: 78/89 MP: 0/0
 10681 | D:9      | Learned a level 4 spell: Summon Lightning Spire
 10733 | D:9      | Noticed Maurice
 10757 | D:9      | Killed Maurice
 10758 | D:9      | Reached skill level 12 in Fighting
 11235 | D:9      | Identified a scroll of acquirement
 11806 | D:10     | Entered Level 10 of the Dungeon
 12030 | D:10     | Found a burning altar of Makhleb.
 12039 | D:10     | Found a basalt altar of Yredelemnul.
 12179 | D:10     | Reached skill level 1 in Armour
 12765 | D:11     | Noticed a purple ugly thing
 12777 | D:11     | Killed a purple ugly thing
 12826 | D:11     | Found Zin's Purification Station.
 12829 | D:11     | Found a glowing silver altar of Zin.
 12903 | D:11     | Noticed a two-headed ogre
 12914 | D:11     | Killed a two-headed ogre
 12915 | D:11     | Reached skill level 5 in Dodging
 12971 | D:11     | Acquired 1231 gold pieces
 13148 | D:5      | Bought the +2 hat of the Bear Spirit {Spirit, Bear, *Rage
                  | Will++} for 453 gold pieces
 13148 | D:5      | Found the +2 hat of the Bear Spirit {Spirit, Bear, *Rage
                  | Will++}
 13151 | D:5      | Bought a translucent whip for 247 gold pieces
 13151 | D:5      | Identified the +10 whip of the Scavenger {freeze, rPois
                  | rCorr Dex+3} (You bought it in a shop on level 5 of the
                  | Dungeon)
 13151 | D:5      | Bought a warped battleaxe for 379 gold pieces
 13151 | D:5      | Identified the +1 battleaxe of Eternity {drain, rElec rCorr
                  | Str+6 Int-5} (You bought it in a shop on level 5 of the
                  | Dungeon)
 13226 | Lair:1   | Entered Level 1 of the Lair of Beasts
 13235 | Lair:1   | Found a dark tunnel.
 13244 | Volcano  | Entered a volcano
 13576 | Volcano  | Reached skill level 5 in Armour
 13743 | Volcano  | Noticed a stone giant
 14272 | Volcano  | Killed a stone giant
 14273 | Volcano  | Reached XP level 12. HP: 51/96 MP: 0/0
 15679 | Lair:1   | Reached **** piety under Ashenzari
 15951 | Lair:2   | Found a hole to the Spider Nest.
 15953 | Lair:2   | Identified the +4 short sword of the Enchanted Forest
                  | {flame, rF+}
 15987 | Lair:2   | Noticed a skyshark
 16003 | Lair:2   | Killed a skyshark
 16391 | Lair:2   | Reached skill level 1 in Evocations
 16391 | Lair:2   | Reached XP level 13. HP: 69/102 MP: 0/0
 16391 | Lair:2   | Learned a level 5 spell: Fireball
 16719 | Lair:2   | Reached skill level 5 in Evocations
 16846 | Lair:2   | Reached ***** piety under Ashenzari
 16923 | Lair:2   | Noticed a six-headed hydra
 16929 | Lair:2   | Killed a six-headed hydra
 17333 | Lair:2   | Found a staircase to the Swamp.
 17441 | Lair:3   | Noticed a seven-headed hydra
 17448 | Lair:3   | Killed a seven-headed hydra
 17531 | Lair:3   | Reached skill level 1 in Shields
 18437 | Lair:4   | Reached skill level 5 in Shields
 19037 | Lair:4   | Reached XP level 14. HP: 99/108 MP: 0/0
 19160 | Lair:4   | Found a viscous altar of Jiyva.
 19160 | Lair:4   | Found a staircase to the Slime Pits.
 19436 | Lair:5   | Entered Level 5 of the Lair of Beasts
 19436 | Lair:5   | Identified the +4 orcbow "Ranwam" {antimagic, rC++ Str+4
                  | Stlth-}
 19984 | Lair:5   | Reached skill level 10 in Shields
 20192 | D:10     | Reached ****** piety under Ashenzari
 21221 | Lair:5   | Found a one-way gate to the infinite horrors of the Abyss.
 21304 | Lair:5   | Found a corrupted altar of Lugonu.
 23062 | D:12     | Reached XP level 15. HP: 96/120 MP: 0/0
 23062 | D:12     | Learned a level 6 spell: Statue Form
 23189 | D:12     | Found a staircase to the Orcish Mines.
 23596 | D:12     | Reached skill level 1 in Unarmed Combat
 24430 | D:12     | Reached skill level 5 in Unarmed Combat
 25072 | Orc:1    | Entered Level 1 of the Orcish Mines
 25072 | Orc:1    | Noticed Josephine
 25078 | Orc:1    | Killed Josephine
 25356 | Orc:1    | Gained mutation: You are very vulnerable to cold. (rC--) [a
                  | neqoxec]
 25403 | Orc:1    | Identified the cursed +2 pair of gloves "Per Aspera Ad
                  | Scientiam" {Comp, Bglg} (You found it on level 7 of the
                  | Dungeon)
 25403 | Orc:1    | Identified the cursed +0 steam dragon scales "Share My
                  | Doubts" {Comp, Evo} (You found it on level 8 of the
                  | Dungeon)
 25900 | Orc:1    | Noticed an orc warlord
 25903 | Orc:1    | Noticed Erolcha
 25917 | Orc:1    | Killed an orc warlord
 25918 | Orc:1    | Killed Erolcha
 26116 | Orc:2    | Entered Level 2 of the Orcish Mines
 26139 | Orc:2    | Found Oluesest's Antique Weapon Boutique.
 26302 | Orc:2    | Found a staircase to the Elven Halls.
 26315 | Orc:2    | Noticed an orc warlord
 26330 | Orc:2    | Killed an orc warlord
 26425 | Orc:2    | Found Sejam's Magic Scroll Boutique.
 26425 | Orc:2    | Found Zisa Ina's Armour Boutique.
 26426 | Orc:2    | Found Deesiqip's Weapon Shop.
 26685 | Orc:2    | Found Ciren's General Store.
 26942 | Orc:2    | Bought a scroll of revelation for 120 gold pieces
 26942 | Orc:2    | Bought a scroll of acquirement for 832 gold pieces
 26942 | Orc:2    | Acquired a manual of Fighting
 27757 | D:13     | Found a gate to the Vaults.
 28064 | D:12     | Reached skill level 13 in Fighting
 28304 | D:13     | Reached XP level 16. HP: 127/127 MP: 0/0
 28382 | D:13     | Found a transporter.
 28385 | D:13     | Found a transporter.
 28394 | D:13     | Noticed Amenor's ghost (journeyman OpFE)
 28397 | D:13     | Found a bloodstained altar of Trog.
 28636 | D:13     | Reached skill level 14 in Fighting
 29097 | D:14     | Identified Roxanne's Papyrus of Shapes
 29097 | D:14     | Noticed Roxanne
 29192 | D:14     | Killed Roxanne
 29579 | D:14     | Reached skill level 10 in Spellcasting
 29579 | D:14     | Reached skill level 10 in Conjurations
 29579 | D:14     | Reached skill level 10 in Hexes
 29579 | D:14     | Reached skill level 10 in Summonings
 29579 | D:14     | Reached skill level 10 in Necromancy
 29579 | D:14     | Reached skill level 10 in Translocations
 29579 | D:14     | Reached skill level 10 in Transmutations
 29579 | D:14     | Reached skill level 10 in Fire Magic
 29579 | D:14     | Reached skill level 10 in Ice Magic
 29579 | D:14     | Reached skill level 10 in Air Magic
 29579 | D:14     | Reached skill level 10 in Earth Magic
 29579 | D:14     | Reached skill level 10 in Poison Magic
 29638 | D:14     | Reached skill level 15 in Fighting
 29931 | D:14     | Identified the +2 scale mail of Levity {rC- Int+4 SInv}
 30234 | D:15     | Entered Level 15 of the Dungeon
 30234 | D:15     | Identified Sif Muna's Octavo of the Burn
 30443 | D:15     | Found a sacrificial altar of Ru.
 30525 | D:15     | Reached skill level 16 in Fighting
 31196 | D:15     | Found a staircase to the Depths.
 31530 | Swamp:1  | Entered Level 1 of the Swamp
 31620 | Swamp:1  | Reached skill level 10 in Unarmed Combat
 31744 | Swamp:1  | Reached skill level 17 in Fighting
 32299 | Swamp:1  | Noticed a tentacled monstrosity
 32327 | Swamp:1  | Killed a tentacled monstrosity
 32607 | Swamp:2  | Reached XP level 17. HP: 142/142 MP: 0/0
 32607 | Swamp:2  | Learned a level 6 spell: Dispersal
 32885 | Swamp:2  | Reached skill level 18 in Fighting
 34769 | Swamp:4  | Entered Level 4 of the Swamp
 35459 | Swamp:4  | Reached skill level 19 in Fighting
 35631 | Swamp:4  | Noticed Donald
 35641 | Swamp:4  | Killed Donald
 36069 | Swamp:4  | Noticed the 27-headed Lernaean hydra
 36448 | Swamp:4  | Killed the 27-headed Lernaean hydra
 36449 | Swamp:4  | Reached XP level 18. HP: 31/153 MP: 0/0
 36976 | Swamp:4  | Got a decaying rune of Zot
 37422 | Spider:1 | Entered Level 1 of the Spider Nest
 37509 | Spider:1 | Identified the +5 dagger "Utoss" {freeze, rPois rC- rCorr
                  | Str-3}
 37617 | Spider:1 | Reached skill level 20 in Fighting
 38727 | Spider:2 | Noticed Frances
 38736 | Spider:2 | Killed Frances
 39314 | Spider:2 | Noticed Asterion
 39318 | Spider:2 | Noticed Arachne
 39328 | Spider:2 | Killed Asterion
 39345 | Spider:2 | Killed Arachne
 39346 | Spider:2 | Reached skill level 21 in Fighting
 40353 | Spider:3 | Noticed Jorgrun
 40442 | Spider:3 | Killed Jorgrun
 40445 | Spider:3 | Reached XP level 19. HP: 80/164 MP: 0/0
 40445 | Spider:3 | Learned a level 6 spell: Starburst
 41723 | Spider:4 | Entered Level 4 of the Spider Nest
 42419 | Spider:3 | Reached skill level 22 in Fighting
 42541 | Spider:4 | HP: 8/215 [disintegration (18)]
 42541 | Spider:4 | Blown up by a sun moth

Illustrated notes

Levels and vault maps discovered:
D:1:      saegor_arrival_simple_c, layout_loops_corners,
          minmay_gold_behind_fungi
D:2:      wad_river_or_something, layout_basic, minmay_tripent
D:3:      layout_basic, elyvilon_altar_4,
          dreamdust_ecumenical_altar_angels_and_demons, serial_shops, shop
D:4:      layout_loops_ring, mainiacjoe_overflow_paths,
          nicolae_gozag_seed_capital, chequers_mini_garden, uniq_menkaure,
          uniq_blork_the_orc
D:5:      layout_loops_ring, minmay_temple_entry_glassed_door, enter_ossuary_3,
          serial_shops, shop_coins, minmay_shop_grid_forest,
          minmay_joined_circles, uniq_edmund, uniq_prince_ribbit1
D:6:      layout_loops_corners, cheibrodos_sewer_entry_sluice,
          nicolae_nh_ransacked_shop, uniq_sigmund
D:7:      layout_loops_ring, nicolae_qazlal_general_emergency, serial_shops,
          shop, shop, minivault_5, minmay_fire_ice_demons, uniq_duvessa,
          uniq_maggie
D:8:      layout_cave_pools, erik_lair_orcish_takeover,
          minmay_unpleasant_kobolds
D:9:      layout_stronghold, uniq_erica, uniq_maurice
D:10:     layout_basic, mainiacjoe_overflow_swirl
D:11:     layout_small_grid, zin_purify
D:12:     layout_loops_cross, david_orc_1_choice, serial_aquarium,
          aquarium_bridge_long_joined [aquarium_subvault_balcony,
          aquarium_subvault_window, aquarium_subvault_bridge,
          aquarium_subvault_wall, aquarium_subvault_window,
          aquarium_subvault_bridge], aquarium_bridge_square
          [aquarium_subvault_bridge, aquarium_subvault_bridge,
          aquarium_subvault_bridge, aquarium_subvault_bridge],
          aquarium_window_2, aquarium_window_1, aquarium_view_2d,
          aquarium_pool_four, portal_ice_cave_entry_pillars_1
D:13:     layout_basic, erik_vaults_1, gammafunk_ghost_wrathful_warriors,
          minmay_fractal_squares_diagonal_5
D:14:     layout_basic, interstate_on_off, uniq_roxanne
D:15:     grunt_enter_depths_snipers, layout_gridville, lemuel_round_altar
Temple:   compressed_dpeg_triangle_lava_temple
Lair:1:   layout_gridlike, nicolae_volcano_entry_lava_flow
Lair:2:   layout_gridlike, nicolae_swamp_entry_splash_gauntlet,
          dummy_spider_entry
Lair:3:   layout_concentric_octagons, grunt_megastairs_5, lemuel_fruit_fields,
          serial_bayou_shore_b, serial_bayou_shore_a, serial_bayou_shore_b
Lair:4:   layout_big_grid, slime_entry_1, lemuel_fruit_fields
Lair:5:   hellmonk_lair_end_abyssal_woods, layout_long_grid,
          nicolae_lair_grove_arrangements, serial_bayou_pond_d,
          lemuel_fruit_fields
Swamp:1:  cheibrodos_swamp_monstrosity, layout_basic_swamp, nicolae_swamp_oxbows
Swamp:2:  layout_basic_swamp, evilmike_swamp_ruin_rubble_1
Swamp:3:  layout_basic_swamp, evilmike_swamp_ruin_house_1
Swamp:4:  swamp_old_school, layout_basic_swamp, swamp_pool3,
          nicolae_swamp_bloodsuckers_inc, uniq_donald
Spider:1: layout_cave_pods
Spider:2: layout_chambers, nicolae_spider_wall_of_niches, uniq_frances,
          uniq_arachne, uniq_asterion
Spider:3: layout_spider_delve, worms_lemuel, uniq_jorgrun
Spider:4: grunt_spider_rune_island, special_room [special_room_bee]
Orc:1:    lemuel_ogre_cave, layout_caves, uniq_josephine
Orc:2:    st_orc_mages, layout_caves, serial_shops, shop

Skill      XL: |  1  2  3  4  5  6  7  8  9 10 11 12 13 14 15 16 17 18 19 |
---------------+----------------------------------------------------------+-----
Spellcasting   | 4 5 6 8 9 10 | 10.4
Conjurations   | 4 5 6 8 9 10 | 10.4
Hexes          | 4 5 6 8 9 10 | 10.4
Summonings     | 4 5 6 8 9 10 | 10.4
Necromancy     | 4 5 6 8 9 10 | 10.4
Translocations | 4 5 6 8 9 10 | 10.4
Transmutations | 4 5 6 8 9 10 | 10.4
Fire Magic     | 4 5 6 8 9 10 | 10.4
Ice Magic      | 4 5 6 8 9 10 | 10.4
Air Magic      | 4 5 6 8 9 10 | 10.4
Earth Magic    | 4 5 6 8 9 10 | 10.4
Poison Magic   | 4 5 6 8 9 10 | 10.4
Fighting       | 7 11 12 13 17 19 21 22 | 22.1
Armour         | 5 7 |  7.9
Dodging        | 6 9 |  9.0
Evocations     | 1 8 |  8.0
Shields        | 6 12 | 12.7
Unarmed Combat | 9 10 12 13 14 | 14.5
Stealth        | |  1.5

Action                     |  1- 3 |  4- 6 |  7- 9 | 10-12 | 13-15 | 16-18 | 19-21 || total
---------------------------+-------+-------+-------+-------+-------+-------+-------++-------
  Melee: Unarmed           |     5 |     2 |       |       |   206 |   762 |   118 ||  1093
         Flail             |       |     3 |    68 |       |       |       |       ||    71
         Dagger            |       |       |    17 |   165 |   102 |       |       ||   284
         Punch             |       |       |     1 |     4 |     1 |       |       ||     6
   Cast: Sting             |    59 |    95 |    36 |    13 |     2 |       |       ||   205
         Olgreb's Toxic Ra |       |     8 |    25 |    40 |    62 |    63 |    39 ||   237
         Poisonous Vapours |       |     4 |     8 |    23 |    14 |     3 |     4 ||    56
         Mephitic Cloud    |       |     1 |     8 |    14 |     2 |     5 |       ||    30
         Call Canine Famil |       |       |    33 |    37 |    35 |     4 |       ||   109
         Hailstorm         |       |       |    13 |    19 |     3 |       |       ||    35
         Summon Lightning  |       |       |       |    44 |    53 |    21 |     3 ||   121
         Momentum Strike   |       |       |       |     1 |       |       |       ||     1
         Fireball          |       |       |       |       |   180 |   120 |     8 ||   308
         Statue Form       |       |       |       |       |    19 |    87 |    17 ||   123
         Dispersal         |       |       |       |       |       |     2 |     2 ||     4
         Starburst         |       |       |       |       |       |       |     3 ||     3
 Invoke: Curse Item        |       |       |     2 |     5 |     3 |       |       ||    10
         Shatter the Chain |       |       |       |     1 |     1 |       |       ||     2
  Evoke: Wand              |       |       |       |    14 |     2 |     3 |       ||    19
    Use: Scroll            |       |       |     6 |     5 |     3 |     9 |     3 ||    26
         Potion            |       |       |     1 |     6 |       |     2 |     1 ||    10
   Stab: Confused          |       |       |       |     1 |       |     2 |       ||     3
         Distracted        |       |       |       |     3 |     3 |     2 |     2 ||    10
         Sleeping          |       |       |       |       |       |     1 |       ||     1
 Armour: Robe              |     4 |     2 |    29 |    21 |       |       |       ||    56
         Steam dragon scal |       |       |       |    25 |    51 |    36 |       ||   112
         Skin              |       |       |       |       |    94 |   700 |   231 ||  1025
  Dodge: Dodged            |    13 |    28 |    95 |   145 |   255 |   810 |   246 ||  1592
  Block: Kite shield       |       |       |       |       |   247 |   860 |   210 ||  1317

Table legend: (Time is in decaauts)
 A = Elapsed time spent in this place.
 B = Non-inter-level travel time spent in this place.
 C = Inter-level travel time spent in this place.
 D = Time resting spent in this place.
 E = Time spent auto-exploring this place.
 F = Levels seen in this place.
 G = Mean time per level.
                   A        B        C        D        E       F      G
               +--------+--------+--------+--------+--------+-----+--------+
         Total |  45574 |  41992 |   3582 |   7227 |  27567 |  34 | 1340.4 |
       Dungeon |  20395 |  18037 |   2358 |   1931 |  13431 |  15 | 1359.7 |
        Temple |    275 |    249 |     26 |      0 |    241 |   1 |  275.0 |
          Lair |   7672 |   6891 |    781 |    917 |   4944 |   5 | 1534.4 |
         Swamp |   6791 |   6575 |    216 |   1593 |   3785 |   4 | 1697.8 |
   Spider Nest |   6081 |   6020 |     61 |   1864 |   3054 |   4 | 1520.2 |
  Orcish Mines |   2070 |   1934 |    136 |     67 |   1386 |   2 | 1035.0 |
         Sewer |    448 |    448 |      0 |      0 |    358 |   1 |  448.0 |
       Ossuary |    582 |    582 |      0 |      0 |    236 |   1 |  582.0 |
       Volcano |   1256 |   1256 |      0 |    854 |    131 |   1 | 1256.0 |
               +--------+--------+--------+--------+--------+-----+--------+

Top non-repeatable levels by time:
    D:12: 2907 daAuts
Spider:2: 2356 daAuts
 Swamp:4: 2279 daAuts
  Lair:5: 2032 daAuts
 Swamp:2: 1874 daAuts
  Lair:2: 1789 daAuts
Spider:3: 1776 daAuts
  Lair:1: 1753 daAuts
     D:5: 1683 daAuts
     D:7: 1584 daAuts
 Swamp:3: 1466 daAuts
    D:10: 1451 daAuts
    D:14: 1447 daAuts
     D:6: 1424 daAuts
Spider:1: 1414 daAuts
